 Dungeon Crawl Stone Soup version 0.29.1-12-g30fa7ad0bf (webtiles) character file.

Game seed: 17260316658184069848

11756 croobank the Spry (level 11, -9/55 HPs)
             Began as a Felid Summoner on Dec 11, 2022.
             Was an Initiate of Gozag.
             Mangled by a komodo dragon (27 damage)
             ... on level 5 of the Lair of Beasts on Dec 12, 2022.
             The game lasted 01:49:11 (25457 turns).

croobank the Spry (Felid Summoner)                 Turns: 25457, Time: 01:49:11

Health: -9/55      AC:  3    Str:  4    XL:     11   Next: 53%
Magic:  20/26      EV: 32    Int: 21    God:    Gozag
Gold:   2842       SH:  5    Dex: 17    Spells: 17/30 levels left
                                        Lives:  0   Deaths: 3

rFire   . . .      SeeInvis +   (weapon unavailable)
rCold   + . .      Faith    .   (shield unavailable)
rNeg    . . .      Spirit   .   (body armour unavailable)
rPois   .          Reflect  +   (helmet unavailable)
rElec   .          Harm     .   (cloak unavailable)
rCorr   .          Rampage  .   (gloves unavailable)
Will    ++...                   (boots unavailable)
Stlth   ++........              F - amulet of reflection
HPRegen 0.18/turn               D - ring of willpower
MPRegen 0.20/turn               v - +4 ring of evasion

@: lethally poisoned (-9 -> -26), quick
A: very small, claws 1, fangs 3, see invisible, speed 1, shaggy fur 3, stealthy
paws, no weapons or thrown items, no armour, multi-lived
a: Renounce Religion, Potion Petition, Call Merchant, Bribe Branch


You were on level 5 of the Lair of Beasts.
You worshipped Gozag.
Gozag was most pleased with you.
You visited 3 branches of the dungeon, and saw 17 of its levels.

You collected 3611 gold pieces.
You spent 589 gold pieces at shops.
You paid 180 gold pieces to Gozag.

Inventory:

Jewellery
 g - a ring of magical power
 r - the amulet "Xubboom" {Acrobat -Tele +Inv rElec rN+}
   (You found it on level 1 of the Lair of Beasts)

   [amulet of the acrobat]

   It increases your evasion while moving and waiting.
   rElec:     It insulates you from electricity.
   rN:        It protects you from negative energy.
   +Inv:      It lets you turn invisible.
   -Tele:     It prevents most forms of teleportation.
 v - a +4 ring of evasion (right paw)
 y - the ring of the Ancients {rC+ rCorr Int-5 Slay+3}
   (You found it on level 9 of the Dungeon)

   [ring of protection from cold]

   Int:       It affects your intelligence (-5).
   Slay:      It affects your accuracy & damage with ranged weapons and melee
   (+3).
   rC:        It protects you from cold.
   rCorr:     It protects you from acid and corrosion.
 D - a ring of willpower (left paw)
 F - an amulet of reflection (around neck)
 I - an amulet of the acrobat
Wands
 e - a wand of mindburst (44)
 j - a wand of acid (17)
 n - a wand of iceblast (12)
 p - a wand of charming (22)
 s - a wand of flame (8)
 t - a wand of polymorph (14)
Scrolls
 a - 3 scrolls of butterflies
 d - 3 scrolls of poison
 f - 4 scrolls of magic mapping
 h - 10 scrolls of teleportation
 o - 3 scrolls of vulnerability
 q - a scroll of torment
 A - a scroll of identify
 E - a scroll of blinking {unknown}
 H - a scroll of summoning
Potions
 b - 10 potions of curing
 c - 3 potions of attraction
 i - 4 potions of cancellation
 k - 4 potions of brilliance
 l - 4 potions of mutation
 m - 3 potions of might
 u - 3 potions of invisibility
 w - 3 potions of lignification
 z - a potion of magic
 B - a potion of berserk rage
 C - a potion of haste
Miscellaneous
 x - a lightning rod (4/4)
 G - a tin of tremorstones (2/2)


   Skills:
 + Level 11.5 Fighting
 + Level 15.1 Dodging
 - Level 3.2 Stealth
 - Level 10.0 Spellcasting
 - Level 5.0 Hexes
 - Level 10.0 Summonings
 - Level 7.0 Air Magic


You had 17 spell levels left.
You knew the following spells:

 Your Spells              Type           Power      Damage    Failure   Level
a - Summon Small Mammal   Summ           100%       N/A       1%          1
b - Call Imp              Summ           51%        N/A       1%          2
c - Call Canine Familiar  Summ           51%        N/A       1%          3
d - Summon Guardian Gole  Hex/Summ       42%        N/A       1%          3
e - Summon Lightning Spi  Summ/Air       46%        N/A       1%          4

Your spell library contained the following spells:

 Spells                   Type           Power      Damage    Failure   Level
 Inner Flame              Hex/Fire       21%        N/A       7%          3
 Cause Fear               Hex            15%        N/A       9%          4
 Conjure Flame            Conj/Fire      10%        6-21      19%         3
 Ignite Poison            Fire/Tmut/Pois 10%        N/A       19%         3
 Sticky Flame             Conj/Fire      10%        2d3       54%         4
 Discord                  Hex            15%        N/A       100%        8


Dungeon Overview and Level Annotations

Branches:
Dungeon (11/15)            Temple (1/1) D:7            Lair (5/5) D:10
 Shoals (0/4) Lair:2        Snake (0/4) Lair:2          Orc (0/2) D:9
  Slime: Lair:4-5

Altars:
Ashenzari
Cheibriados
Dithmenos
Elyvilon
Fedhas
Gozag
Hepliaklqana
Kikubaaqudgha
Makhleb
Nemelex Xobeh
Qazlal
Ru
Sif Muna
Trog
Uskayaw
Vehumet
Wu Jian
Xom
Yredelemnul
Zin
The Shining One

Shops:
D:7 *!   D:8 ([[!

Portals:
Trove: D:11 (give 2 scrolls of acquirement)

Annotations:
Temple 2 transporters


Innate Abilities, Weirdness & Mutations

You have sharp claws.
You have razor-sharp teeth.
You have supernaturally acute eyesight. (SInv)
You cover ground quickly. (Speed+)
Your thick and shaggy fur keeps you warm. (AC +3, rC+)
Your paws help you pounce on unaware monsters.
You are incapable of wielding weapons or throwing items.
You cannot wear armour.
You gain extra lives every three experience levels.


Message History

The black mamba dies!
The fiery explosion engulfs your lightning spire.
Your lightning spire resists.
The fiery explosion engulfs you!!
Ouch! That really hurt!
You die...
You hear a loud, deep croak!
You hear an angry hiss. x2
You are now level 11!
You rejoin the land of the living...
Found 6 stones and a scroll of fear.
A black mamba comes into view.
Casting: Call Canine Familiar (safe; 1% risk of failure)
Confirm with . or Enter, or press ? or * to list all spells.
A guardian golem appears, shielding your allies.
The black mamba completely misses you. The black mamba misses you.
Casting: Summon Guardian Golem (safe; 1% risk of failure)
Confirm with . or Enter, or press ? or * to list all spells.
An electric hum fills the air.
The black mamba closely misses you. The black mamba barely misses you.
A komodo dragon comes into view.
Your lightning spire shoots out a bolt of lightning at the black mamba!
The bolt of electricity hits the black mamba.
The black mamba barely misses you. The cane toad barely misses you.
The black mamba attacks as you move away!
The black mamba bites you.
Found 24 gold pieces.
The black mamba bites your lightning spire!
The cane toad barely misses your lightning spire.
The black mamba bites your lightning spire.
The black mamba bites your lightning spire!
The cane toad stings your lightning spire but does no damage.
You see here 6 stones.
The black mamba bites you!
You are poisoned.
The black mamba poisons you!
The black mamba attacks as you move away!
The black mamba bites you!
You feel very sick. The komodo dragon bites you!!
You die...
Your body crumbles into a pile of gold.
PP..

....#..##
#...####.......##
#....##..........
#####...#.P.......P#
#P#.#.P....9........# #
#§§#...#...8.........
#.#§○8P..#....F..#.....
##..§.§....PP..lS......#
#....<.........@.......#
###.......#...#.......P.
#....#.........P.....P
##..####P.#..####...##
#..# #....# ...# #.##
#.$.. .## #.# ##P.. .P
.. #.P


You could see a komodo dragon, a black mamba (ally target), a cane toad, a
friendly guardian golem (summoned) and a friendly lightning spire (summoned,
sheltered).

Vanquished Creatures
  A blink frog (Lair:1)
  A centaur (D:8)
  A wolf (Lair:4)
  A phantom (D:5)
  A bullfrog (Lair:2)
  3 electric eels
  An iguana (D:4)
  A gnoll (D:7)
  A white imp (D:6)
  A ball python (D:2)
  An endoplasm (D:2)
  A hobgoblin (D:4)
  2 quokkas
  4 bats (D:2)
  2 frilled lizards
  3 kobolds
  2 rats
27 creatures vanquished.

Vanquished Creatures (collateral kills)
  Fannar (D:11)
  A two-headed ogre (D:11)
  5 death yaks
  A wizard (D:9)
  A cyclops (D:11)
  A merfolk siren (Lair:2)
  A black mamba (Lair:2)
  8 cane toads
  A kobold demonologist (D:10)
  3 rime drakes
  6 komodo dragons
  2 polar bears (Lair:3)
  A troll (D:10)
  3 nameless horrors
  5 dream sheep (Lair:3)
  3 blink frogs
  A vampire (D:9)
  11 yaks
  A wyvern (Lair:1)
  A shadow (D:10)
  A basilisk (Lair:2)
  4 steam dragons
  Grum (D:7)
  A naga (Lair:2)
  7 water moccasins
  A black bear (D:5)
  An ice beast (D:8)
  11 wolves
  2 centaurs
  A phantom (D:5)
  4 kobold brigands
  2 gnoll sergeants
  9 bullfrogs
  3 scorpions
  4 wights (D:8)
  15 killer bees
  3 howler monkeys
  8 hounds
  A gnoll bouda (D:7)
  8 orc priests
  3 iguanas
  12 orc wizards
  18 gnolls
  10 adders
  A shadow imp (D:6)
  A white imp (D:6)
  An ufetubus (D:6)
  2 worms
  2 dart slugs
  54 orcs
  5 ball pythons
  4 endoplasms
  A giant cockroach (D:4)
  5 goblins
  6 hobgoblins
  4 jackals
  23 kobolds
  3 quokkas
  3 bats
  2 frilled lizards (D:1)
  A spectral hobgoblin (D:4)
305 creatures vanquished.

Vanquished Creatures (others)
  Gastronok (D:8)
  A hydra (Lair:3)
  2 two-headed ogres
  A death yak (Lair:4)
  Maurice (D:8)
  A black mamba (Lair:5)
  A cane toad (Lair:4)
  A gargoyle (D:9)
  A komodo dragon (Lair:4)
  3 polar bears
  A shadow (D:9)
  A wraith (D:10)
  15 yaks
  A naga (Lair:2)
  4 water moccasins
  3 orc warriors
  2 black bears
  2 wolves (Lair:1)
  Blork the orc (D:6)
  A gnoll sergeant (D:7)
  6 wights (D:8)
  7 killer bees
  2 gnoll boudas
  3 gnolls
  An adder (D:6)
  5 orcs
  A jackal (D:7)
  2 kobolds (D:6)
  2 bushes (Lair:1)
  15 fungi
  104 plants
192 creatures vanquished.

Grand Total: 524 creatures vanquished

Notes
Turn   | Place    | Note
-------+----------+-------------------------------------------
     0 | D:1      | croobank the Felid Summoner began the quest for the Orb.
     0 | D:1      | Reached XP level 1. HP: 7/7 MP: 4/4
   407 | D:1      | Reached skill level 3 in Dodging
   407 | D:1      | Reached XP level 2. HP: 11/11 MP: 1/6
   410 | D:1      | Learned a level 2 spell: Call Imp
   714 | D:1      | Found a faded altar of an unknown god.
  1496 | D:2      | Reached XP level 3. HP: 15/15 MP: 2/7
  1526 | D:2      | Learned a level 3 spell: Call Canine Familiar
  1863 | D:2      | Found a glowing golden altar of the Shining One.
  2427 | D:2      | Reached skill level 1 in Fighting
  2705 | D:3      | Reached XP level 4. HP: 19/19 MP: 8/8
  3167 | D:4      | Reached skill level 4 in Dodging
  3369 | D:4      | Reached XP level 5. HP: 22/22 MP: 10/10
  3373 | D:4      | Learned a level 3 spell: Summon Guardian Golem
  3473 | D:4      | Reached skill level 1 in Hexes
  3615 | D:4      | Gained mutation: You are covered in thick fur. (AC +2)
                  | [Felid growth]
  3615 | D:4      | Reached XP level 6. HP: 27/27 MP: 11/11
  3773 | D:4      | Found a hazy altar of Hepliaklqana.
  3927 | D:4      | Reached skill level 5 in Summonings
  4414 | D:5      | Entered Level 5 of the Dungeon
  4463 | D:5      | Reached skill level 5 in Dodging
  4780 | D:5      | Found Toelus's Book Shop.
  4844 | D:5      | Reached XP level 7. HP: 14/31 MP: 13/13
  5106 | D:5      | Learned a level 4 spell: Summon Lightning Spire
  5765 | D:5      | Reached skill level 1 in Air Magic
  6188 | D:5      | Reached skill level 6 in Dodging
  6845 | D:6      | Reached XP level 8. HP: 15/36 MP: 15/15
  7201 | D:6      | Noticed Blork the orc
  7214 | D:6      | Killed Blork the orc
  7266 | D:6      | Reached skill level 5 in Hexes
  7669 | D:6      | Found an ornate altar of the Wu Jian Council.
  7744 | D:6      | Found a glowing silver altar of Zin.
  7948 | D:7      | Found a staircase to the Ecumenical Temple.
  7958 | Temple   | Entered the Ecumenical Temple
  7958 | Temple   | Found a transporter.
  7958 | Temple   | Found a transporter.
  7960 | Temple   | Found a transporter.
  7960 | Temple   | Found a transporter.
  8282 | Temple   | Became a worshipper of Gozag Ym Sagoz the Greedy
  8482 | D:7      | Reached skill level 7 in Dodging
  8715 | D:7      | Reached skill level 5 in Spellcasting
  8841 | D:7      | Noticed a nameless horror
  8853 | D:7      | Killed a nameless horror
  8854 | D:7      | Reached skill level 5 in Fighting
  8854 | D:7      | Reached XP level 9. HP: 20/40 MP: 1/17
  9642 | D:7      | Found Puemer's General Store.
  9646 | D:7      | Bought a potion of heal wounds for 75 gold pieces
  9646 | D:7      | Bought a scroll of fear for 60 gold pieces
  9646 | D:7      | Bought a scroll of identify for 30 gold pieces
  9670 | D:7      | Noticed Grum
  9674 | D:7      | Killed Grum
  9902 | D:7      | Found Tisufynk's Distillery.
  9907 | D:7      | Bought a potion of resistance for 160 gold pieces
  9907 | D:7      | Bought a potion of invisibility for 128 gold pieces
  9907 | D:7      | Bought a potion of heal wounds for 80 gold pieces
 10089 | D:8      | Reached skill level 8 in Dodging
 10373 | D:8      | Found Kosiad's Armour Emporium.
 10443 | D:8      | Identified the +5 rapier of the Chewing Seeker {vorpal,
                  | rElec rF- Dex+5}
 10806 | D:8      | Found Famuw's Distillery.
 10811 | D:8      | Bought a potion of might for 56 gold pieces
 10987 | D:8      | Noticed Maurice
 11021 | D:8      | Killed Maurice
 11592 | D:8      | Noticed Gastronok
 11613 | D:8      | Killed Gastronok
 11614 | D:8      | Reached skill level 9 in Dodging
 11614 | D:8      | Reached XP level 10. HP: 34/46 MP: 18/20
 11852 | D:8      | Reached skill level 5 in Air Magic
 12100 | D:8      | Found Fuson's Antique Weapon Emporium.
 12525 | D:8      | Found Xohaz's Armour Shop.
 12696 | D:8      | Noticed a two-headed ogre
 12725 | D:8      | Killed a two-headed ogre
 13093 | D:9      | Identified the +7 rapier "Hydrabane" {freeze, rElec Int+3}
 13124 | D:9      | Identified the ring of the Ancients {rC+ rCorr Int-5
                  | Slay+3}
 13153 | D:9      | Reached skill level 10 in Dodging
 13279 | D:9      | Noticed a gargoyle
 13306 | D:9      | Killed a gargoyle
 13613 | D:9      | Noticed a wizard
 13640 | D:9      | Killed a wizard
 13641 | D:9      | Reached XP level 11. HP: 50/50 MP: 21/22
 13945 | D:9      | Found a staircase to the Orcish Mines.
 14098 | D:10     | Entered Level 10 of the Dungeon
 14645 | D:10     | Found a staircase to the Lair.
 14729 | D:10     | Noticed a two-headed ogre
 14745 | D:10     | Killed a two-headed ogre
 14899 | D:10     | Found a basalt altar of Yredelemnul.
 15107 | D:10     | Reached skill level 11 in Dodging
 15610 | D:10     | Found a glowing golden altar of the Shining One.
 15922 | D:11     | Noticed a two-headed ogre
 15932 | D:11     | Killed a two-headed ogre
 16866 | D:11     | Found a portal to a secret trove of treasure.
 17016 | D:11     | HP: 2/52 [manticore (8)]
 17020 | D:11     | Killed from afar by a manticore
 17021 | D:11     | Reached XP level 10. HP: -22/49 MP: 25/32
 17027 | D:11     | Upgraded the game from 0.29.1-4-g47bece8355 to
                  | 0.29.1-12-g30fa7ad0bf
 17156 | D:11     | Noticed Fannar
 17177 | D:11     | Killed Fannar
 17452 | Lair:1   | Entered Level 1 of the Lair of Beasts
 17757 | Lair:1   | Reached XP level 11. HP: 52/52 MP: 11/24
 17938 | Lair:1   | Mangled by a yak
 17939 | Lair:1   | Reached XP level 10. HP: -6/49 MP: 23/23
 18258 | Lair:1   | Identified the amulet "Xubboom" {Acrobat -Tele +Inv rElec
                  | rN+}
 18258 | Lair:1   | Noticed a death yak
 18278 | Lair:1   | Noticed a death yak
 18286 | Lair:1   | Noticed a death yak
 18338 | Lair:1   | Reached skill level 12 in Dodging
 18398 | Lair:1   | Killed a death yak
 18399 | Lair:1   | Reached skill level 10 in Summonings
 18421 | Lair:1   | Killed a death yak
 18484 | Lair:1   | Killed a death yak
 18711 | Lair:1   | Reached XP level 11. HP: 53/53 MP: 17/24
 19258 | Lair:2   | Found a staircase to the Snake Pit.
 19469 | Lair:2   | Reached skill level 13 in Dodging
 19600 | Lair:2   | Found a blossoming altar of Fedhas.
 20071 | Lair:2   | Reached skill level 10 in Fighting
 20149 | Lair:2   | Found a staircase to the Shoals.
 20713 | Lair:3   | Noticed a four-headed hydra
 20737 | Lair:3   | Killed a four-headed hydra
 21507 | Lair:3   | Reached skill level 14 in Dodging
 21507 | Lair:3   | Reached skill level 10 in Spellcasting
 21727 | Lair:3   | Gained mutation: Your thick and shaggy fur keeps you warm.
                  | (AC +3, rC+) [Felid growth]
 21727 | Lair:3   | Reached XP level 12. HP: 59/59 MP: 18/27
 22597 | Lair:4   | Noticed a death yak
 22618 | Lair:4   | Killed a death yak
 22619 | Lair:4   | Noticed a death yak
 22621 | Lair:4   | Noticed a death yak
 23819 | Lair:4   | Killed a death yak
 23825 | Lair:4   | Killed a death yak
 24132 | Lair:4   | Identified the +2 leather armour of Shadows and Fog {+Inv
                  | rN+ Dex+3}
 24272 | Lair:4   | Reached skill level 15 in Dodging
 25414 | Lair:5   | Entered Level 5 of the Lair of Beasts
 25448 | Lair:5   | Killed by an exploding themself... ignited by their inner
                  | flame
 25449 | Lair:5   | Reached XP level 11. HP: -5/55 MP: 18/26
 25457 | Lair:5   | Mangled by a komodo dragon

Illustrated notes

Levels and vault maps discovered:
D:1:      lemuel_arrival_behind_the_door_large, layout_loops_ring,
          shapermc_ecumenical_altar_petra
D:2:      layout_loops_ring, basic_altar, minmay_hedge_maze
D:3:      layout_rooms
D:4:      layout_basic, nicolae_hepliaklqana_monster_ancestors,
          minmay_fractal_squares_diagonal_5
D:5:      layout_basic, serial_shops, nicolae_lakefront_shop
D:6:      nicolae_cairo_tiling, layout_rooms, zin_treasury,
          nzn_wu_jian_council_hall, uniq_blork_the_orc
D:7:      layout_cave_pools, minmay_temple_entry_ruins, serial_gnoll_camp,
          gnoll_camp_mini_shop, gnoll_camp_medium_01, gnoll_camp_mini_basic,
          grums_kennel, serial_shops, shop
D:8:      layout_basic, serial_shops, shop, nicolae_square_shop, shop,
          nicolae_shop_crystal, serial_bayou_lagoon_a, grunt_ministairs_5,
          grunt_decor_one_mirror, uniq_gastronok, uniq_maurice
D:9:      layout_rooms, david_orc_2, special_room [special_room_orc],
          hangedman_decor_riveting
D:10:     layout_loops_ring, overflow_temple_1_default,
          mainiacjoe_overflow_alcove_2, erik_lair_island
D:11:     layout_irregular_city, enter_trove_0, uniq_fannar
Temple:   hellmonk_temple_divided_pantheon
Lair:1:   layout_chaotic_city, nicolae_lair_grazing_beasts
          [nicolae_sub_lair_graze_edge, nicolae_sub_lair_graze_edge,
          nicolae_sub_lair_graze_edge, nicolae_sub_lair_graze_edge], uniq_grum
Lair:2:   layout_gridlike, minmay_shoals_entry_lonely_mermaid,
          guppyfry_snake_entry_island, basic_altar
Lair:3:   layout_layer_cave, cheibrodos_lair_lostbears
Lair:4:   layout_layer_cave, chequers_serial_rivers_small_a, grunt_megastairs_5
Lair:5:   minmay_lair_end_enchanted_forest, layout_loops_ring,
          minmay_slime_entry_pillars, ebering_ghost_disaster_area

Skill      XL: |  1  2  3  4  5  6  7  8  9 10 11 12 |
---------------+-------------------------------------+-----
Stealth        | 3 |  3.2
Dodging        | 3 4 5 6 7 9 12 14 15 | 15.1
Fighting       | 1 2 3 5 6 9 10 11 | 11.5
Spellcasting   | 3 4 5 6 7 10 | 10.0
Hexes          | 2 3 4 5 |  5.0
Summonings     | 5 6 7 10 9 | 10.0
Air Magic      | 1 3 4 7 |  7.0

Action                   |  1- 3 |  4- 6 |  7- 9 | 10-12 || total
-------------------------+-------+-------+-------+-------++-------
Melee: Unarmed           |    32 |    25 |    42 |    35 ||   134
       Bite              |     3 |     4 |     5 |     8 ||    20
       Punch             |     1 |       |     2 |       ||     3
 Cast: Summon Small Mamm |    42 |    19 |    44 |    24 ||   129
       Call Imp          |    17 |    10 |    27 |    17 ||    71
       Call Canine Famil |     7 |    18 |    44 |    40 ||   109
       Summon Guardian G |       |       |    33 |    88 ||   121
       Summon Lightning  |       |       |    14 |   125 ||   139
Evoke: Wand              |       |     1 |     4 |     8 ||    13
  Use: Potion            |     1 |     1 |     4 |     2 ||     8
       Scroll            |       |       |    16 |     7 ||    23
 Stab: Sleeping          |    11 |     3 |     4 |     1 ||    19
       Distracted        |       |       |     3 |     2 ||     5
Armor: Skin              |     6 |     2 |     7 |     9 ||    24
Dodge: Dodged            |    45 |    26 |   114 |   230 ||   415
Block: Other             |       |       |       |     8 ||     8
